 Dungeon Crawl Stone Soup version 0.24-a0-439-g6dd8730 (webtiles) character file.

Game seed: 2055089117758650222

5919 Bitman the Basher (level 10, -2/91 HPs)
             Began as a Minotaur Berserker on June 19, 2019.
             Was an Elder of Trog.
             Slain by a deep elf knight
             ... wielding a cursed -1 short sword
              (7 damage)
             ... on level 8 of the Dungeon.
             The game lasted 00:42:43 (7482 turns).

Bitman the Basher (Minotaur Berserker)              Turns: 7482, Time: 00:42:44

Health: -2/91      AC: 14    Str: 25    XL:     10   Next: 53%
Magic:  0/9        EV: 15    Int:  4    God:    Trog [****..]
Gold:   651        SH:  0    Dex: 10    Spells: 9/9 levels left

rFire    + . .     SeeInvis .   y - +3 flail (drain)
rCold    . . .     Gourm    .   (no shield)
rNeg     . . .     Faith    .   f - +0 fire dragon scales
rPois    .         Spirit   +   (helmet restricted)
rElec    .         Reflect  .   (no cloak)
rCorr    .         Harm     .   A - +2 pair of gloves
MR       ++...                  (no boots)
Stlth    ..........             B - amulet of guardian spirit
HPRegen  1.25/turn              e - ring of ice
MPRegen  0.11/turn              j - +2 ring of evasion

@: berserk cooldown, regenerating, slowed, very slow
A: retaliatory headbutt, horns 2
a: Berserk, Trog's Hand, Brothers in Arms, Renounce Religion


You were on level 8 of the Dungeon.
You worshipped Trog.
Trog was greatly pleased with you.
You were hungry.

You visited 1 branch of the dungeon, and saw 9 of its levels.

You collected 651 gold pieces.

Inventory:

Hand Weapons
 y - a +3 flail of draining (weapon)
 E - a +0 hunting sling
Missiles
 a - 11 boomerangs
 b - 247 stones
 h - 3 atropa-tipped darts (quivered)
Armour
 f - +0 fire dragon scales (worn)
 z - a +0 chain mail
 A - a +2 pair of gloves (worn)
Jewellery
 e - a ring of ice (left hand)
 j - a +2 ring of evasion (right hand)
 B - an amulet of guardian spirit (around neck)
Wands
 l - a wand of clouds (4)
 t - a wand of polymorph (12)
 x - a wand of scattershot (6)
Scrolls
 d - 2 scrolls of blinking
 s - 4 scrolls of teleportation
 w - 3 scrolls of enchant armour
 D - 2 scrolls of immolation
 F - a scroll of magic mapping {unknown}
 G - 3 scrolls of enchant weapon
Potions
 i - 2 potions of invisibility {unknown}
 k - 2 potions of resistance
 m - 2 potions of lignification
 n - 2 potions of might
 o - 2 potions of heal wounds {unknown}
 p - a potion of experience {unknown}
 q - 3 potions of agility {unknown}
 r - 4 potions of curing
 u - a potion of mutation {unknown}
 v - a potion of flight {unknown}
 H - a potion of brilliance {unknown}
Comestibles
 c - 9 rations
 I - 3 chunks of flesh


   Skills:
 + Level 9.3 Fighting
 * Level 12.3 Maces & Flails
 + Level 8.8 Armour
 + Level 8.2 Dodging


You had 9 spell levels left.
You didn't know any spells.
Your spell library was empty.

Dungeon Overview and Level Annotations

Branches:
Dungeon (9/15)             Temple (0/1) D:4            Lair (0/6) D:8
    Orc: D:9-12

Altars:
Ashenzari
Elyvilon
Gozag
Kikubaaqudgha
Trog
Vehumet
Xom

Shops:
D:5 :   D:6 *


Innate Abilities, Weirdness & Mutations

You reflexively headbutt those who attack you in melee.
You have a pair of horns on your head.


Message History

The shard of ice misses you.
There is a large open translucent door here.
The deep elf knight hits you but does no damage.
The deep elf knight points at you and mumbles some strange words.
The shard of ice hits you!!!
* * * LOW HITPOINT WARNING * * *
The deep elf knight gestures at you while chanting.
The shard of ice hits you!
* * * LOW HITPOINT WARNING * * *
Things that are here:
a cursed -1 glaive; a +0 chain mail; a scale mail Your skin crawls.
You feel resistant to hostile enchantments.
You are feeling hungry.
The deep elf knight casts a spell.
The deep elf knight flickers and vanishes!
Deactivating autopickup; reactivate with Ctrl-A.
Something hits you but does no damage. Something hits you!
You die...

.......##....# ##
.......##....# ##.
..##....##...###### #..
..##....##........ +..
...##..##(......######
#..
...##..##.............
##.
....####..........#####
## ....#
##..........#⌠...## #
##### #.....##.8@8#.._..#
#######.....##.#)######.#
#
.........##.##.#..'.....#
# .........
#.##.#..'.....# ####
...####.# #.##.#$######.#
#... ....# #.# #.##.8+8
..# #... ...## #.# #.##..
. .## #...
#..####.###.##.. .# ##
#... .#.##....").##.. ..
......


There were no monsters in sight!

Vanquished Creatures
  A two-headed ogre (D:8)
  A centaur warrior (D:8)
  An unseen horror (D:8)
  The ghost of Chroloform the Skirmisher, a novice MiFi (D:5)
  Grinder (D:3)
  A hippogriff (D:7)
  Menkaure (D:5)
  3 wargs (D:8)
  Duvessa (D:5)
  3 sky beasts
  An ice beast (D:7)
  2 orc warriors (D:8)
  3 phantoms
  4 ogres
  3 centaurs
  A gnoll sergeant (D:8)
  2 bullfrogs
  Dowan (D:5)
  3 wights (D:6)
  4 howler monkeys
  2 crimson imps
  A bullfrog zombie (D:5)
  A bullfrog skeleton (D:5)
  A hound (D:7)
  An orc priest (D:9)
  A centaur zombie (D:5)
  3 jellies
  2 orc wizards
  3 iguanas
  3 worker ants
  A hound skeleton (D:5)
  10 gnolls
  A howler monkey skeleton (D:4)
  11 adders
  3 shadow imps
  2 oozes
  4 adder skeletons
  5 worms
  5 dart slugs
  3 leopard geckos
  18 orcs
  4 bats
  2 bat zombies (D:2)
  7 giant cockroaches
  7 goblins
  7 hobgoblins
  2 jackals (D:5)
  14 kobolds
  3 quokkas
  A ball python (D:3)
  3 frilled lizards
  A jackal zombie (D:8)
  A leopard gecko zombie (D:6)
  9 rats
  A rat zombie (D:2)
  A fungus (D:8)
182 creatures vanquished.

Vanquished Creatures (others)
  A black bear (D:7)
  A hornet zombie (D:7)
  A bullfrog skeleton (D:5)
  4 orcs (D:7)
  2 fungi (D:8)
  3 toadstools (D:8)
12 creatures vanquished.

Grand Total: 194 creatures vanquished

Notes
Turn   | Place    | Note
-------+----------+-------------------------------------------
     0 | D:1      | Bitman the Minotaur Berserker began the quest for the Orb.
     0 | D:1      | Reached XP level 1. HP: 19/19 MP: 0/0
   183 | D:1      | Reached XP level 2. HP: 27/27 MP: 1/1
   226 | D:1      | Reached skill level 4 in Maces & Flails
   481 | D:1      | Reached XP level 3. HP: 31/33 MP: 2/2
   520 | D:1      | Reached ** piety under Trog
   810 | D:2      | Reached XP level 4. HP: 40/40 MP: 3/3
   954 | D:2      | Reached skill level 5 in Maces & Flails
  1322 | D:2      | Reached XP level 5. HP: 38/47 MP: 4/4
  1660 | D:2      | Found an ancient bone altar of Kikubaaqudgha.
  1913 | D:3      | Noticed Grinder
  1913 | D:3      | Paralysed by Grinder for 4 turns
  1965 | D:3      | Killed Grinder
  1965 | D:3      | Reached skill level 5 in Fighting
  1965 | D:3      | Reached skill level 6 in Maces & Flails
  1965 | D:3      | Reached XP level 6. HP: 56/56 MP: 5/5
  2369 | D:3      | Reached *** piety under Trog
  2682 | D:4      | Found a staircase to the Ecumenical Temple.
  2686 | D:4      | Reached XP level 7. HP: 43/61 MP: 6/6
  2946 | D:4      | Reached skill level 7 in Maces & Flails
  3356 | D:5      | Entered Level 5 of the Dungeon
  3369 | D:5      | Reached skill level 5 in Armour
  3660 | D:5      | Noticed Menkaure
  3673 | D:5      | Killed Menkaure
  3759 | D:5      | Reached skill level 8 in Maces & Flails
  3759 | D:5      | Reached skill level 5 in Dodging
  3759 | D:5      | Reached XP level 8. HP: 65/70 MP: 7/7
  3800 | D:5      | Found Riun's Book Shoppe.
  3885 | D:5      | Found a transporter.
  3889 | D:5      | Noticed Chroloform's ghost (novice MiFi)
  3914 | D:5      | Killed Chroloform's ghost
  3916 | D:5      | Reached skill level 9 in Maces & Flails
  4008 | D:5      | Found a transporter.
  4087 | D:5      | Noticed Duvessa
  4090 | D:5      | Noticed Dowan
  4097 | D:5      | Killed Duvessa
  4104 | D:5      | Killed Dowan
  4332 | D:6      | Found Tulodell's Elemental Accessories.
  4783 | D:6      | Reached XP level 9. HP: 79/79 MP: 8/8
  5390 | D:6      | Found a bloodstained altar of Trog.
  5875 | D:7      | Reached skill level 10 in Maces & Flails
  5889 | D:7      | Reached **** piety under Trog
  6074 | D:7      | Found an opulent altar of Gozag.
  6079 | D:7      | Found a shimmering altar of Xom.
  6082 | D:7      | Found a radiant altar of Vehumet.
  6195 | D:7      | You fall into a shaft and drop 2 floors!
  6430 | D:8      | Noticed a two-headed ogre
  6439 | D:8      | Killed a two-headed ogre
  6439 | D:8      | Reached skill level 11 in Maces & Flails
  6695 | D:8      | Found a shattered altar of Ashenzari.
  6722 | D:8      | Found a staircase to the Lair.
  6727 | D:8      | Reached XP level 10. HP: 90/90 MP: 7/9
  7441 | D:8      | Found a large runed translucent door.
  7442 | D:8      | Found a large runed translucent door.
  7444 | D:8      | Noticed a centaur warrior
  7450 | D:8      | Killed a centaur warrior
  7450 | D:8      | Reached skill level 12 in Maces & Flails
  7457 | D:8      | Killed an unseen horror
  7468 | D:8      | Found a white marble altar of Elyvilon.
  7468 | D:8      | Noticed a deep elf knight
  7480 | D:8      | HP: 1/91 [deep elf knight/shard of ice (13)]
  7482 | D:8      | Slain by a deep elf knight

Levels and vault maps discovered:
D:1:      saegor_arrival_under_anarchy, layout_loops_ring,
          hangedman_decor_growths, chequers_serial_rivers_marsh
D:2:      layout_loops_ring, lemuel_zombie_altar_kikubaaqudgha,
          kennysheep_pointless_box, minmay_misc_feat_square
D:3:      layout_loops_corners, uniq_grinder
D:4:      layout_rooms, minmay_temple_entry_drinking_statues
D:5:      layout_basic, gammafunk_ghost_arena, first_ration, serial_shops, shop,
          uniq_duvessa, uniq_menkaure
D:6:      layout_layer_cave, lightli_temple_of_fire, minivault_22,
          nicolae_elemental_shop
D:7:      layout_rooms, grunt_temple_overflow_open, lemuel_flame_loot_1
D:8:      layout_loops_corners, kennysheep_mini, erik_lair_orcish_takeover,
          nicolae_two_hexagons, minmay_gold_behind_fungi, jmf_multi_god_temple2
D:9:      layout_loops_cross, tgw_sif, zin_treasury, nicolae_ru_awakened_eye,
          serial_shops, nicolae_shop_waterfront, david_nohive_1

Skill      XL: |  1  2  3  4  5  6  7  8  9 10 |
---------------+-------------------------------+-----
Maces & Flails | 4 5 6 8 9 11 12 | 12.3
Fighting       | 4 5 6 7 8 9 |  9.3
Armour         | 3 4 5 6 8 |  8.8
Dodging        | 3 4 5 6 7 8 |  8.2

Action                   |  1- 3 |  4- 6 |  7- 9 | 10-12 || total
-------------------------+-------+-------+-------+-------++-------
Melee: Mace              |    56 |   107 |       |       ||   163
       Headbutt          |     5 |    18 |    39 |    12 ||    74
       Flail             |       |     4 |   223 |    55 ||   282
Throw: Dart              |       |       |     3 |       ||     3
Invok: Berserk           |     1 |     1 |     8 |     1 ||    11
       Trog's Hand       |       |       |     2 |     1 ||     3
  Use: Scroll            |       |       |    16 |     1 ||    17
  Eat: Chunk             |       |     4 |    10 |     4 ||    18
       Ration            |       |     1 |     3 |       ||     4
Armor: Animal skin       |     6 |       |       |       ||     6
       Ring mail         |     8 |    28 |     3 |       ||    39
       Scale mail        |       |       |     9 |       ||     9
       Chain mail        |       |       |    35 |       ||    35
       Fire dragon scale |       |       |    28 |    18 ||    46
Dodge: Dodged            |    42 |    66 |   154 |    46 ||   308

Table legend:
 A = Non-vault XP
 B = Vault XP
 C = Vault XP percentage of total XP
 D = Non-vault monster count
 E = Vault monster count
 F = Vault count percentage of total count
                 A         B        C        D         E       F
            +---------+---------+-------+---------+---------+-------
      Total |    4735 |    3722 |  44.0 |     161 |      21 |  11.5
            +---------+---------+-------+---------+---------+-------
        D:1 |      52 |       0 |   0.0 |      27 |       0 |   0.0
        D:2 |     206 |       5 |   2.4 |      29 |       3 |   9.4
        D:3 |     112 |     267 |  70.4 |      21 |       1 |   4.5
        D:4 |     352 |       0 |   0.0 |      12 |       0 |   0.0
        D:5 |     441 |    1059 |  70.6 |      15 |       7 |  31.8
        D:6 |     448 |       0 |   0.0 |      14 |       0 |   0.0
        D:7 |     990 |       0 |   0.0 |      14 |       0 |   0.0
        D:8 |    1928 |    2391 |  55.4 |      21 |      10 |  32.3
        D:9 |     206 |       0 |   0.0 |       8 |       0 |   0.0
            +---------+---------+-------+---------+---------+-------
